 Dungeon Crawl Stone Soup version 0.27-a0-320-g81d27af2d4 (webtiles) character file.

Game seed: 223142902264164780

150 wakim the Stinger (level 5, -1/31 HPs)
             Began as an Octopode Venom Mage on Feb 11, 2021.
             Slain by a jackal (3 damage)
             ... on level 3 of the Dungeon.
             The game lasted 00:11:58 (3368 turns).

wakim the Stinger (Octopode Venom Mage)             Turns: 3368, Time: 00:11:59

Health: -1/31      AC:  1    Str:  7 (8)  XL:     5   Next: 32%
Magic:  1/9        EV: 13    Int: 17 (18) God:
Gold:   154        SH:  0    Dex:  9 (12) Spells: 3/10 levels left

rFire    . . .     SeeInvis +     - Unarmed
rCold    . . .     Faith    .   (no shield)
rNeg     . . .     Spirit   .   (helmet restricted)
rPois    .         Reflect  .   g - amulet of the acrobat
rElec    .         Harm     .   j - ring of see invisible
rCorr    .         Rampage  .   (no ring)
Will     .....                  (no ring)
Stlth    +++.......             (no ring)
HPRegen  0.10/turn              (no ring)
MPRegen  0.11/turn              (no ring)
                                (no ring)
                                (no ring)

@: lethally poisoned (-1 -> -8), attractive, very slightly contaminated
A: almost no armour, stealthy swim, amphibious, 8 rings, constrict 8, camouflage
1, gelatinous body 1
a: no special abilities


You were on level 3 of the Dungeon.
You visited 1 branch of the dungeon, and saw 3 of its levels.

You collected 154 gold pieces.

Inventory:

Missiles
 a - 120 stones
Jewellery
 g - an amulet of the acrobat (around mantle)
 j - a ring of see invisible (left tentacle)
Scrolls
 c - a scroll of magic mapping {unknown}
 e - a scroll of random uselessness {unknown}
 f - a scroll of enchant weapon {unknown}
 h - a scroll of enchant armour {unknown}
 i - a scroll of identify {unknown}
 n - a scroll of immolation {unknown}
Potions
 d - a potion of cancellation {unknown}
 k - a potion of degeneration
 l - a potion of curing {unknown}
 m - a potion of heal wounds {unknown}


   Skills:
 - Level 2.4 Dodging
 - Level 3.4 Stealth
 + Level 1.1 Unarmed Combat
 * Level 3.2 Spellcasting
 - Level 1.7 Transmutations
 * Level 4.8 Poison Magic


You had 3 spell levels left.
You knew the following spells:

 Your Spells              Type           Power        Failure   Level
a - Sting                 Tmut/Pois      52%          4%          1
b - Poisonous Vapours     Pois/Air       22%          10%         2
c - Olgreb's Toxic Radia  Pois           19%          22%         4

Your spell library contained the following spells:

 Spells                   Type           Power        Failure   Level
 Ignite Poison            Fire/Tmut/Pois 10%          22%         3
 Mephitic Cloud           Conj/Pois/Air  8%           26%         3


Dungeon Overview and Level Annotations

Branches:
Dungeon (3/15)

Altars:


Innate Abilities, Weirdness & Mutations

You cannot wear most types of armour.
You are very stealthy in the water. (Stealth+)
You are amphibious.
You can wear up to eight rings at the same time.
You can use your tentacles to constrict eight enemies at once.
Your skin changes colour to match your surroundings (Stealth+).
Your rubbery body absorbs attacks. (AC +1, EV +1)


Message History

You start resting.
Magic restored.
You start resting.
HP restored.
a - 120 stones (gained 5);
n - a scroll labelled QAISOI RAFON You see here a +0 short sword.
Found a robe.
A jackal comes into view.
Found 17 arrows.
A jackal comes into view.
Found 25 bolts.
Casting: Poisonous Vapours (safe; 9% risk of failure)
Confirm with . or Enter, or press ? or * to list all spells.
The spell is extremely dangerous to cast (22% risk of failure)!
Continue anyway?
You miscast Olgreb's Toxic Radiance.
You are very lightly contaminated with residual magic.
You feel incredibly sick!
You are poisoned.
You feel sick.
The jackal barks! x2
A jackal comes into view. x2
Casting: Olgreb's Toxic Radiance (extremely dangerous; 22% risk of failure)
Confirm with . or Enter, or press ? or * to list all spells.
The spell is extremely dangerous to cast (22% risk of failure)!
Continue anyway?
You miscast Olgreb's Toxic Radiance.
You feel incredibly sick!
You are more poisoned.
* * * LOW HITPOINT WARNING * * *
The jackal barks! x2
* * * LOW HITPOINT WARNING * * *
You feel sick.
It was a potion of degeneration.
There was something very wrong with that liquid.
You feel weakened.
You feel dopey.
You feel clumsy. The jackal bites you.
* * * LOW HITPOINT WARNING * * *
It was a potion of attraction.
You feel attractive to monsters.
* * * LOW HITPOINT WARNING * * *
You feel sick. The jackal barely misses you. The jackal bites you.
You die...

##.###.# ...# #.#
#.........# ##.###.#
#.........## ##.....###
#..(.......#
####>###.###..........##
# #.##.#.##...h.[.....#
# #...###.#....h....#..
####.#.##....hh...(.#
##.## #@# #.# #.# ###.#
##.####### ##.#.#
#........# # ##.#..#
#..##.##.#
####.###.######......#.
'...###.#...†.)........
####.###.######........#
# ##.#.# #.##..#..#


You could see 4 jackals.

Vanquished Creatures
  Jessica (D:2)
  5 adders
  An ooze (D:3)
  5 dart slugs
  A leopard gecko (D:3)
  An orc (D:2)
  2 giant cockroaches (D:1)
  4 goblins
  6 hobgoblins
  11 jackals
  6 bats
  6 frilled lizards
  11 kobolds
  5 rats
65 creatures vanquished.

Notes
Turn   | Place    | Note
-------+----------+-------------------------------------------
     0 | D:1      | wakim the Octopode Venom Mage began the quest for the Orb.
     0 | D:1      | Reached XP level 1. HP: 11/11 MP: 3/3
   206 | D:1      | Reached XP level 2. HP: 17/17 MP: 0/5
   709 | D:1      | Learned a level 2 spell: Poisonous Vapours
   866 | D:1      | Reached XP level 3. HP: 16/21 MP: 3/6
  1049 | D:1      | Reached skill level 4 in Poison Magic
  1454 | D:2      | Reached XP level 4. HP: 16/27 MP: 0/7
  1829 | D:2      | Noticed Jessica
  1838 | D:2      | Killed Jessica
  2304 | D:2      | Learned a level 4 spell: Olgreb's Toxic Radiance
  2378 | D:2      | Reached XP level 5. HP: 31/31 MP: 2/9
  2777 | D:2      | Reached skill level 1 in Unarmed Combat
  3368 | D:3      | Slain by a jackal

Illustrated notes

Levels and vault maps discovered:
D:1:      psy_arrival_terrarium, layout_rooms
D:2:      layout_basic, uniq_jessica
D:3:      layout_loops_corners, gammafunk_temple_overflow_wave, serial_glass,
          glass_columns_b, glass_columns_b

Skill      XL: |  1  2  3  4  5 |
---------------+----------------+-----
Stealth        | 3 |  3.4
Poison Magic   | 4 |  4.8
Spellcasting   | 3 |  3.2
Unarmed Combat | 1 |  1.1
Dodging        | |  2.4
Transmutations | |  1.7

Action                   |  1- 3 |  4- 6 || total
-------------------------+-------+-------++-------
Melee: Unarmed           |    41 |    26 ||    67
       Constrict         |     9 |     5 ||    14
       Tentacles         |     8 |     3 ||    11
 Cast: Sting             |    17 |       ||    17
       Poisonous Vapours |    25 |    30 ||    55
  Use: Potion            |       |     2 ||     2
 Stab: Sleeping          |       |     1 ||     1
Armor: Skin              |     8 |     1 ||     9
Dodge: Dodged            |    38 |    17 ||    55

Table legend: (Time is in decaauts)
 A = Elapsed time spent in this place.
 B = Non-inter-level travel time spent in this place.
 C = Inter-level travel time spent in this place.
 D = Time resting spent in this place.
 E = Time spent auto-exploring this place.
 F = Levels seen in this place.
 G = Mean time per level.
                   A        B        C        D        E       F      G
               +--------+--------+--------+--------+--------+-----+--------+
         Total |   3367 |   3231 |    136 |   1488 |    476 |   3 | 1122.3 |
       Dungeon |   3367 |   3231 |    136 |   1488 |    476 |   3 | 1122.3 |
               +--------+--------+--------+--------+--------+-----+--------+

Top non-repeatable levels by time:
     D:2: 1716 daAuts
     D:1: 1089 daAuts
     D:3: 562 daAuts
